Cogmind - Beta 13 @@@ ROGUE MODE // 2024.04.06 @ 20:06:19 Player: gabr Result: Destroyed by VW-VIW(z) with Zionite Laser-S Performance ------------- Evolutions (1) 500 Regions Visited (5) 1000 Robots Destroyed (11) 55 Value Destroyed (216) 216 Prototype IDs (1) 20 Alien Tech Used (0) 0 Bonus (600) 600 TOTAL SCORE: 2391 Bonus ------- Met Imprinter 300 Was Imprinted 300 Cogmind --------- Core Integrity 0/400 Matter 262/300 Energy 100/100 System Corruption 0% Temperature Cool (9) Movement Core (50) Location -7/Deep Caves Parts ------- > --- POWER (1) -------- (None) > --- PROPULSION (3) --- (None) > --- UTILITY (2) ------ (None) > --- WEAPON (3) ------- CR-A16's Pointy Stick > --- INVENTORY (5) ---- Light Nuclear Core Aluminum Leg Advanced Targeting Computer Beamcaster Minigun Peak State ------------ > --- POWER ------------ Deuterium Engine > --- PROPULSION ------- Aluminum Leg Aluminum Leg Aluminum Leg > --- UTILITY ---------- Small Storage Unit ECM Suite > --- WEAPON ----------- Beamcaster Heavy Battle Rifle RU-N14's Throwing Claymores > --- INVENTORY -------- Light Nuclear Core Aluminum Leg Aluminum Leg Improved Heat Sink Advanced Targeting Computer Hacking Drone Bay Improved Light Cannon CR-A16's Pointy Stick [Rating: 26] Favorites ----------- Power Deuterium Engine Engine Deuterium Engine Propulsion Aluminum Leg Leg Aluminum Leg Wheel Armored Wheel Utility Small Storage Unit Device ECM Suite Storage Small Storage Unit Weapon Medium Laser Energy Gun Medium Laser Ballistic Gun Assault Rifle Special Weapon RU-N14's Throwing Claymores Piercing Weapon CR-A16's Pointy Stick Build | -11 -10 -9 -9 -7 -7 ------- Run | Yrd Mat Mat Min Zio Dee Slots Evolved 2 | . . 2 . . . Power . | . . . . . . Propulsion 1 | . . 1 . . . Utility . | . . . . . . Weapon 1 | . . 1 . . . Parts Attached 21 | 6 . 5 1 6 3 Power 2 | 1 . . . 1 . Engine 2 | 1 . . . 1 . Core . | . . . . . . Reactor . | . . . . . . Propulsion 7 | 2 . 3 1 . 1 Treads . | . . . . . . Leg 6 | 2 . 2 1 . 1 Wheel 1 | . . 1 . . . Hover . | . . . . . . Flight . | . . . . . . Utility 2 | 1 . 1 . . . Device 1 | . . 1 . . . Storage 1 | 1 . . . . . Processor . | . . . . . . Hackware . | . . . . . . Protection . | . . . . . . Artifact . | . . . . . . Weapon 10 | 2 . 1 . 5 2 Energy Gun 3 | 2 . . . 1 . Energy Cannon . | . . . . . . Ballistic Gun 4 | . . 1 . 3 . Ballistic Cannon . | . . . . . . Launcher . | . . . . . . Special Weapon 2 | . . . . 1 1 Impact Weapon . | . . . . . . Slashing Weapon . | . . . . . . Piercing Weapon 1 | . . . . . 1 Special Melee Weapon . | . . . . . . Unidentified Prototypes 1 | . . . . 1 . Parts Lost 8 | . . . . . 8 Power 1 | . . . . . 1 Propulsion 3 | . . . . . 3 Utility 2 | . . . . . 2 Weapon 2 | . . . . . 2 Highest Loss Streak 8 | . . . . . 8 To Critical Strikes . | . . . . . . Average Slot Usage (%) 97 | . 85 90 100 99 96 Engine 11 | . 14 11 11 11 10 Leg 31 | . 28 22 32 33 31 Device 10 | . . 8 11 11 10 Storage 11 | . 14 11 11 11 10 Energy Gun 19 | . 28 22 22 19 10 Ballistic Gun 13 | . . 11 11 12 20 Naked Turns . | . . . . . . Heaviest Build 31 | 11 11 15 15 28 31 Greatest Support 35 | 20 20 20 30 30 35 Greatest Overweight (x) 1 | . . 1 . . 1 Average Overweight (x) . | . . . . . . Largest Inventory Capacity 8 | 8 8 8 8 8 8 Average Capacity 7 | 6 8 8 8 8 7 Most Carried 8 | 3 3 6 7 8 8 Average Carried 6 | 1 3 2 6 7 7 Final Capacity 8 | 8 8 8 8 8 5 Final Carried 8 | 3 3 6 7 8 5 Class Distribution -------------------- 65% | Gunner 22% | Derelict-Gunner 12% | Mutant Dominant Class ---------------- Mutant | -10/Materials Gunner | -9/Materials Gunner | -9/Mines Gunner | -7/Zion Derelict-Gunner | -7/Deep Caves Resources | -11 -10 -9 -9 -7 -7 ----------- Run | Yrd Mat Mat Min Zio Dee Matter Collected 395 | 156 . 90 93 56 . Remotely . | . . . . . . Salvage Created 373 | 84 . 146 143 . . Parts 17 | 3 . 7 7 . . Haulers Intercepted . | . . . . . . Recyclers Shooed . | . . . . . . Parts Field Recycled . | . . . . . . Retrieved Matter . | . . . . . . Parts Self-Destructed . | . . . . . . Prevented . | . . . . . . Kills | -11 -10 -9 -9 -7 -7 ------- Run | Yrd Mat Mat Min Zio Dee Combat Hostiles Destroyed 8 | . . 3 5 . . Guns 8 | . . 3 5 . . Classes Destroyed 5 | 2 . 1 2 . . Worker 1 | . . . 1 . . Tunneler 1 | 1 . . . . . Recycler 1 | 1 . . . . . Swarmer 4 | . . . 4 . . Grunt 4 | . . 3 1 . . Best Kill Streak 4 | 2 . 3 4 . . Combat Bots Only 4 | . . 3 4 . . Max Kills in Single Turn 2 | 1 . 1 2 . . Gunslinging . | . . . . . . Exploded . | . . . . . . Melee . | . . . . . . Uniques/NPCs Destroyed . | . . . . . . Combat | -11 -10 -9 -9 -7 -7 -------- Run | Yrd Mat Mat Min Zio Dee Hostile Shots Fired 81 | . . 19 13 . 49 Missed 20 | . . 4 5 . 11 Damage Taken 1481 | . . 189 92 . 1200 Core 405 | . . 55 20 . 330 Absorbed by Shields . | . . . . . . Core Remaining (%) 100 | 100 100 . . . . Volleys Fired 28 | 7 . 11 8 1 1 Largest 3 | 2 . 3 3 3 2 Hottest 110 | 90 . 110 110 110 33 Shots Fired 76 | 14 . 33 24 3 2 Gun 75 | 14 . 33 24 3 1 Cannon . | . . . . . . Launcher . | . . . . . . Special 1 | . . . . . 1 Kinetic 21 | . . 11 8 1 1 Thermal 54 | 14 . 22 16 2 . Explosive 1 | . . . . . 1 Electromagnetic . | . . . . . . Robot Hit Streak 6 | 6 . 6 3 . . Robot Miss Streak 3 | 1 . 3 3 . . Penetration Max . | . . . . . . Secondary Targets 1 | . . . 1 . . Max Gunslinging Chain 1 | . . . 1 . . Shots Hit Robots 40 | 10 . 16 11 . 3 Core Hits 21 | 3 . 7 8 . 3 Critical Kills . | . . . . . . Critical Parts Destroyed . | . . . . . . Critical Strikes 2 | 1 . 1 . . . Burn 2 | 1 . 1 . . . Melee Attacks 4 | . . . . . 4 Impact . | . . . . . . Slashing . | . . . . . . Piercing 4 | . . . . . 4 Sneak Attacks . | . . . . . . Combat Hostiles . | . . . . . . Follow-up Attacks . | . . . . . . Damage Inflicted 639 | 121 . 189 171 . 158 Guns 504 | 121 . 189 171 . 23 Cannons . | . . . . . . Explosions 35 | . . . . . 35 Melee 100 | . . . . . 100 Ramming . | . . . . . . Kinetic 152 | . . 87 42 . 23 Thermal 352 | 121 . 102 129 . . Explosive 35 | . . . . . 35 Electromagnetic . | . . . . . . Impact . | . . . . . . Slashing . | . . . . . . Piercing 100 | . . . . . 100 Highest Corruption . | . . . . . . Average Corruption . | . . . . . . Corruption Purged . | . . . . . . Corruption Blocked . | . . . . . . Overload Shots . | . . . . . . Overflow Damage . | . . . . . . Projectiles . | . . . . . . Explosions . | . . . . . . Melee . | . . . . . . Knockbacks . | . . . . . . Impact . | . . . . . . Kinetic . | . . . . . . Secondary . | . . . . . . Self-Inflicted Damage . | . . . . . . Shots . | . . . . . . Rammed . | . . . . . . Targets Rammed . | . . . . . . Kicked . | . . . . . . Crushed . | . . . . . . Highest Temperature 407 | 150 . 407 169 42 14 Average Temperature 123 | 79 . 202 74 22 9 Received Heat Transfer 480 | . . 102 36 . 342 Effects 1 | . . 1 . . . Energy Bleed 1 | . . 1 . . . Siege Activations . | . . . . . . Robots Corrupted . | . . . . . . Combat Hostiles . | . . . . . . Parts Fried . | . . . . . . Impact Corruptions . | . . . . . . Robots Melted . | . . . . . . Combat Hostiles . | . . . . . . Parts Melted 2 | 2 . . . . . Heat Transferred 1078 | 396 . 347 335 . . Parts Sabotaged . | . . . . . . Parts Stolen . | . . . . . . Parts Stripped . | . . . . . . Power Chain Reactions . | . . . . . . Alert | -11 -10 -9 -9 -7 -7 ------- Run | Yrd Mat Mat Min Zio Dee Peak Influence 176 | 10 21 94 176 . . Initial 36 | . 6 8 36 . . Average 69 | 1 17 34 160 . . Maximum Alert Level . | . . . . . . Low Security (%) 100 | 100 100 100 100 . . Level 1 . | . . . . . . Level 2 . | . . . . . . Level 3 . | . . . . . . Level 4 . | . . . . . . Level 5 . | . . . . . . High Security . | . . . . . . Max Security . | . . . . . . Squads Dispatched 1 | . . 1 . . . Investigation . | . . . . . . Extermination . | . . . . . . Reinforcement 1 | . . 1 . . . Assault . | . . . . . . Garrison . | . . . . . . Intercept . | . . . . . . Searches Triggered . | . . . . . . Construction Impeded . | . . . . . . Haulers Reinforced . | . . . . . . Active Scanning Responses . | . . . . . . Cargo Convoy Interrupts . | . . . . . . Stealth | -11 -10 -9 -9 -7 -7 --------- Run | Yrd Mat Mat Min Zio Dee Distress Signals . | . . . . . . Communications Jammed . | . . . . . . Distress Signals . | . . . . . . Times Spotted 14 | . 1 7 3 . 3 Peak Tracking Total 3 | . 1 3 2 . 3 Tactical Retreats 2 | . . 1 1 . . Traps | -11 -10 -9 -9 -7 -7 ------- Run | Yrd Mat Mat Min Zio Dee Traps Triggered . | . . . . . . Indirectly . | . . . . . . Trap Hack Attempts . | . . . . . . Triggered . | . . . . . . Disarmed . | . . . . . . Reprogrammed . | . . . . . . Reused . | . . . . . . Traps Extracted . | . . . . . . Installed . | . . . . . . Triggered . | . . . . . . Machines | -11 -10 -9 -9 -7 -7 ---------- Run | Yrd Mat Mat Min Zio Dee Machines Disabled . | . . . . . . Max in Single Turn . | . . . . . . Machines Repaired . | . . . . . . Machines Dismantled . | . . . . . . Machines Sabotaged . | . . . . . . Overloaded Fab Kills . | . . . . . . Hacking | -11 -10 -9 -9 -7 -7 --------- Run | Yrd Mat Mat Min Zio Dee Machines Accessed . | . . . . . . Terminals . | . . . . . . Fabricators . | . . . . . . Repair Stations . | . . . . . . Recycling Units . | . . . . . . Scanalyzers . | . . . . . . Garrison Access . | . . . . . . Total Hacks . | . . . . . . Successful . | . . . . . . Failed . | . . . . . . Catastrophic . | . . . . . . Database Lockouts . | . . . . . . Manual 9 | . . . . 9 . Terminals . | . . . . . . Fabricators . | . . . . . . Repair Stations . | . . . . . . Recycling Units . | . . . . . . Scanalyzers . | . . . . . . Garrison Access . | . . . . . . Terminal Hacks . | . . . . . . Fabricator Hacks . | . . . . . . Repair Station Hacks . | . . . . . . Recycling Unit Hacks . | . . . . . . Scanalyzer . | . . . . . . Garrison Access Hacks . | . . . . . . Unauthorized Hacks . | . . . . . . Terminals . | . . . . . . Fabricators . | . . . . . . Repair Stations . | . . . . . . Recycling Units . | . . . . . . Scanalyzers . | . . . . . . Garrison Access . | . . . . . . Data Cores Recovered . | . . . . . . Used . | . . . . . . Hacking Detections . | . . . . . . Full Trace Events . | . . . . . . Feedback Events . | . . . . . . Feedback Blocked . | . . . . . . Robot Schematics Acquired . | . . . . . . Robots Built . | . . . . . . Authchips . | . . . . . . Time . | . . . . . . Total Robot Build Rating . | . . . . . . Part Schematics Acquired . | . . . . . . Parts Built . | . . . . . . Authchips . | . . . . . . Time . | . . . . . . Total Part Build Rating . | . . . . . . Parts Repaired . | . . . . . . Time . | . . . . . . Parts Recycled . | . . . . . . Recycled Matter . | . . . . . . Retrieved Matter . | . . . . . . Retrieved Components . | . . . . . . Parts Scanalyzed . | . . . . . . Part Schematics Acquired . | . . . . . . Parts Damaged . | . . . . . . Bothacking | -11 -10 -9 -9 -7 -7 ------------ Run | Yrd Mat Mat Min Zio Dee Used RIF Installer . | . . . . . . Robots Hacked . | . . . . . . Non-combat . | . . . . . . Combat . | . . . . . . Robot Hacks Applied . | . . . . . . Relay Couplers Released . | . . . . . . Fabnet Peak Effective % . | . . . . . . Robots Rewired . | . . . . . . Allies Hacked . | . . . . . . Hacks Repelled . | . . . . . . Allies | -11 -10 -9 -9 -7 -7 -------- Run | Yrd Mat Mat Min Zio Dee Total Allies 6 | . . . . 6 . Largest Group 6 | . . . . 6 3 Highest-Rated Group 208 | . . . . 208 93 Highest-Rated Ally 40 | . . . . 40 37 Total Orders . | . . . . . . Ally Attacks 10 | . . . . . 10 Total Damage 176 | . . . . . 176 Kills 2 | . . . . . 2 Allies Corrupted . | . . . . . . Allies Melted . | . . . . . . Intel | -11 -10 -9 -9 -7 -7 ------- Run | Yrd Mat Mat Min Zio Dee Robot Analysis Total . | . . . . . . Derelict Logs Recovered 2 | . . . 1 1 . Drone Launches . | . . . . . . Drone Recoveries . | . . . . . . Exploration | -11 -10 -9 -9 -7 -7 ------------- Run | Yrd Mat Mat Min Zio Dee Turns Passed 2351 | 90 98 253 226 1349 335 Spaces Moved 1798 | 51 82 156 165 1089 255 Core 5 | 5 . . . . . Treads . | . . . . . . Legs 1776 | 46 82 139 165 1089 255 Wheels 17 | . . 17 . . . Hover . | . . . . . . Flight . | . . . . . . Fastest Speed 50 | 50 120 105 120 120 120 Average Speed 119 | 113 120 118 120 120 121 Slowest Speed 190 | 120 120 190 120 120 190 Overloaded Moves . | . . . . . . Propulsion Burnouts . | . . . . . . Robots Hopped 1 | . . . . 1 . Cave-ins Triggered . | . . . . . . Exploration Rate (%) 34 | 5 28 18 39 84 31 Regions Visited 5 Branch Regions 3 Pre-discovered Areas . | . . . . . . Known Exits Taken . | . . . . . . Unknown Exits Taken 5 | 1 1 1 1 1 . Scrap Searched 3 | . . . . 3 . Spaces Dug . | . . . . . . Terrain Destroyed 21 | . . . . . 21 Melee . | . . . . . . Projectile 1 | . . . . . 1 AOE 20 | . . . . . 20 Terrain Rammed . | . . . . . . Walls Destroyed . | . . . . . . Machines Disabled . | . . . . . . Actions | -11 -10 -9 -9 -7 -7 --------- Run | Yrd Mat Mat Min Zio Dee Total 1922 | 66 81 197 175 1131 272 Wait 50 | . . 22 . 21 7 Move 1791 | 50 81 155 164 1086 255 Hop 1 | . . . . 1 . Pick Up 11 | 3 . 3 1 4 . Fast Attach 14 | 6 . 2 . 5 1 Attach 2 | . . 1 1 . . Detach 5 | . . . 1 3 1 Swap 5 | . . 2 . 1 2 Drop 11 | . . 1 . 9 1 Fire 28 | 7 . 11 8 1 1 Melee 4 | . . . . . 4 Ram . | . . . . . . Kick . | . . . . . . Crush . | . . . . . . Escape Stasis . | . . . . . . Rewire . | . . . . . . Trap . | . . . . . . Miscellaneous . | . . . . . . Route ------- -11/Scrapyard -10/Materials -9/Materials -9/Mines (discovered 2 exits: [*Mat] / *Zio) -7/Zion -7/Deep Caves History --------- Turn | Location | Event 8 | -11/Scrapyard | Discovered new exit (range 16) 91 | -11/Scrapyard | Entered Materials 184 | -10/Materials | Discovered new exit (range 3) 189 | -10/Materials | Entered another Materials area 189 | -9/Materials | Evolved 2 slots: Propulsion x1, Weapon x1 424 | -9/Materials | Discovered new exit (range 16) 442 | -9/Materials | Entered Mines 497 | -9/Mines | Build established: Gunner 569 | -9/Mines | Learned location of 1 exit from Proximity Caves 658 | -9/Mines | Discovered new exit (range 6) 660 | -9/Mines | A Derelict revealed a hidden shortcut to a safe place 668 | -9/Mines | Entered Zion 987 | -7/Zion | Gained Derelict followers 1065 | -7/Zion | Given A8's code to call for help 1130 | -7/Zion | Imprinted 1132 | -7/Zion | Declared Zion's savior 1266 | -7/Zion | Acquired unknown access codes intercepted by a Zionite 1451 | -7/Zion | Received a visual enhancement algorithm 1688 | -7/Zion | Given the Hacking Drone Bay 1688 | -7/Zion | Found Prototype Device 1835 | -7/Zion | Found CR-A16's Pointy Stick 1933 | -7/Zion | Found Prototype Special Weapon 1933 | -7/Zion | Identified RU-N14's Throwing Claymores 1984 | -7/Zion | Opened final containment barrier to the Deep Caves 2003 | -7/Zion | Discovered new exit (range 5) 2005 | -7/Zion | Saw the warning signs outside the Deep Caves entrance 2017 | -7/Zion | Entered Deep Caves 2017 | -7/Deep Caves | Accompanied by 6 allies 2106 | -7/Deep Caves | Build established: Derelict-Gunner 2320 | -7/Deep Caves | Attacked by Z-Imprinter 2347 | -7/Deep Caves | Core integrity fell below 50% 2351 | -7/Deep Caves | Core integrity fell below 20% 2352 | -7/Deep Caves | Destroyed by VW-VIW(z) with Zionite Laser-S Last Messages --------------- 02019_ 43-8DN(M) slips into the shadows. 02020_ 40-9JQ(M) slips into the shadows. 02020_ 7M-XR8(M) slips into the shadows. 02021_ EQ-9I0(M) slips into the shadows. 02046_ Dropped Aluminum Leg. 02047_ Acquired Carbon-fiber Leg. 02309_ TK-K48(o) shuts down. 02310_ NEW_ZION: Z-Facility proximity alert. Z-Imprinter: GET AWAY FROM HERE! I've worked too hard for our future just to have you ruin everything! 02320_ KZ-9F4(o) destroyed. 02326_ Carbon-fiber Leg destroyed. 02331_ TK-K48(o) reactivates. 02333_ Deuterium Engine destroyed. 02336_ ECM Suite destroyed. 02340_ Hvy. Battle Rifle destroyed. 02340_ Aluminum Leg destroyed. 02348_ The unstable cave ceiling collapses. 02349_ RU-N14's Throwing Claymores destroyed. 02349_ Sml. Storage Unit destroyed. Map ----- +----------------------------------------------------+ | ?????????????????????????????????????????????????? | | ?????????????????????????????????????????????????? | | ?????????????????????????????????????????????????? | | ???????????????????????????????????????????????### | | ???????????????????#????????######????????????## | | ????????????????## # ????### ##???????????# | | ???????????????? ##### #???????????## | | ??????????????? #?????#####??### | | ??????????????? #????## #????? | | ??????????????? #?????# ##???? | | ??????????????? #?????# ##### | | ??????????????? ##???## | | ??????????????? ##### | | ??????????????? | | ?????????????? | | ????????????? | | ????????????? ###### | | ???????????? ###????#### | | ??????????? ## ##??????## | | ?????????? # #?????### | | ????????? ###?### | | ???????? # ## | | ??????? # [ | | ??????? z g=## | | ??????? =Iz | | ?????""" = i @ # | | ??????""""% i ! *#?###### | | ?????? #????## | | ???????"" ##???## = | | ????????"" ##????# | | ???????"""" ##????# | | ??????""""" ##???## ## | | ??????""""" #????# ### | | ?????""""" #????# #?# | | ??" """ ##????# #?## | | ?"" #?????# ##?## # | | ??"""""""" ##???## ##?# # | | ?????""" #???# ### # | | ?? #???# ## # | | ?? #??# ## # | | ?? #??## ### # | | ?? #?## #### | | ??? #?# ##?# | | ??? #?# #### | | ???? ##### #?# ## | | ???? ###????### #### #?# | | ????? #?????????######???# ##?## | | ??????####????????????????????# ###???## ###### | | ???????????????????????????????###??????#####????? | | ?????????????????????????????????????????????????? | +----------------------------------------------------+ Best States ------------- Heat Dissipation 28 Energy Generation 14 Energy Capacity 275 Matter Stores 300 Matter Capacity 300 Sight Range 16 Terrain Scan Density 10 ECM Strength 1 Evasion (%) 55 Item Schematics ----------------- None Robot Schematics ------------------ None Fabricated ------------ Nothing Alien Tech Used ----------------- None Achievements -------------- Adventurer Signs Are For Wimps Challenges ------------ None Game ------ Seed KineticShadeBox Manual? 0 Play Time 00:43:09 Cumulative 55.9 hours Start 2024.04.06 @ 16:36:02 End 2024.04.06 @ 20:06:19 Sessions 1 Manual Loads 0 Difficulty Rogue Special Mode None Game No. 125 Rogue 125 Adventurer 0 Explorer 0 Win Type - Total 0 Types 0/0/0/0/0/0/0/0/0 Lore% 23 Gallery% 38 Achievement% 28 Wizard Run 0 Options --------- Layout 0 ASCII 0 Keyboard 1 Movement Numpad Keybinds 0 Fullscreen 1 Font 24/Terminus Map View 76x50 Zoom Use 0% Tactical HUD 1 Map Filters NONE Filters NONE Steam 1 RUN: 9176959d-6b2b-4456-948f-7c17f0358d16